 Dungeon Crawl Stone Soup version 0.21.1-1-g345015f (webtiles) character file.

11654 vatarom the Martial Artist (level 11, -4/96 HPs)
             Began as a Demonspawn Transmuter on May 8, 2018.
             Was a Priest of Qazlal.
             Slain by an unseen horror (6 damage)
             ... on level 12 of the Dungeon.
             The game lasted 00:35:26 (13303 turns).

vatarom the Martial Artist (Demonspawn Transmuter) Turns: 13303, Time: 00:35:27

Health: -4/96      AC:  8    Str: 10 (11) XL:     11   Next: 52%
Magic:  22/24      EV: 13    Int: 16 (18) God:    Qazlal [***...]
Gold:   527        SH:  4    Dex: 17      Spells: 7/17 levels left

rFire    x . .     SeeInvis .     - Unarmed
rCold    + + +     Gourm    +   (shield currently unavailable)
rNeg     . . .     Faith    .   (armour currently unavailable)
rPois    +         Spirit   .   (helmet currently unavailable)
rElec    .         Reflect  .   (cloak currently unavailable)
rCorr    .         Harm     .   (gloves currently unavailable)
MR       .....                  (boots currently unavailable)
Stlth    +.........             w - amulet of the gourmand
HPRegen  0.26/turn              f - ring of magical power
MPRegen  0.19/turn              e - +2 ring of protection

@: ice-form, heavily drained
A: large, clever 2, low mp 1, powered by pain 1, freezing cloud immunity
a: End Transformation, Upheaval, Elemental Force, Renounce Religion


You were on level 12 of the Dungeon.
You worshipped Qazlal.
Qazlal was most pleased with you.
You were not hungry.
You were a creature of crystalline ice.
You visited 2 branches of the dungeon, and saw 13 of its levels.
You also visited: Sewer.

You collected 527 gold pieces.

Inventory:

Missiles
 a - 113 arrows
Armour
 j - a +0 troll leather armour (melded) {Purgy}
 x - a +0 helmet (melded)
 I - a +0 cloak (melded)
Jewellery
 e - a +2 ring of protection (right front paw)
 f - a ring of magical power (left front paw)
 w - an amulet of the gourmand (around neck)
 y - an uncursed amulet of guardian spirit
Wands
 l - a wand of paralysis (10)
 p - a wand of flame (23)
 u - a wand of disintegration (5)
 J - a wand of acid (6)
 K - a wand of digging (10)
 L - a wand of random effects (31)
 M - a wand of iceblast (8)
Scrolls
 g - a scroll of enchant weapon
 h - a scroll of magic mapping
 k - 4 scrolls of enchant armour {unknown}
 r - 2 scrolls of fog
 s - 11 scrolls of identify
 v - 2 scrolls of noise {unknown}
 z - a scroll of amnesia {unknown}
 B - 5 scrolls of remove curse
 G - a scroll of vulnerability {unknown}
Potions
 i - 2 potions of degeneration
 q - 2 potions of flight
 F - a potion of cancellation
Books
 b - a book of Minor Magic

   Spells                             Type                      Level
   a - Magic Dart                     Conjuration                  1
   b - Blink                          Translocation                2
   c - Call Imp                       Summoning                    2
   d - Slow                           Hexes                        2
   e - Conjure Flame                  Conjuration/Fire             3
   f - Mephitic Cloud                 Conjuration/Poison/Air       3
 c - a book of Changes

   Spells                             Type                      Level
   a - Beastly Appendage              Transmutation                1
   b - Sticks to Snakes               Transmutation                2
   c - Spider Form                    Transmutation/Poison         3
   d - Ice Form                       Ice/Transmutation            4
   e - Blade Hands                    Transmutation                5
 E - a book of Battle

   Spells                             Type                      Level
   a - Infusion                       Charms                       1
   b - Shroud of Golubria             Charms/Translocation         2
   c - Song of Slaying                Charms                       2
   d - Spectral Weapon                Hexes/Charms                 3
   e - Regeneration                   Charms/Necromancy            3


   Skills:
 - Level 5.4(4.2) Fighting
 - Level 6.0(4.8) Dodging
 + Level 9.5(8.2) Unarmed Combat
 * Level 3.7(2.6) Spellcasting
 + Level 9.1(7.8) Transmutations
 - Level 5.0(3.8) Ice Magic
 + Level 7.9(6.6) Invocations


You had 7 spell levels left.
You knew the following spells:

 Your Spells              Type           Power        Failure   Level  Hunger
a - Beastly Appendage     Tmut           ####..       1%          1    #......
b - Sticks to Snakes      Tmut           ####....     1%          2    ##.....
c - Spider Form           Tmut/Pois      ##........   12%         3    ###....
d - Ice Form              Ice/Tmut       ###.....     19%         4    #####..


Dungeon Overview and Level Annotations

Branches:
Dungeon (12/15)            Temple (1/1) D:6            Lair (0/6) D:11
    Orc (0/2) D:11

Altars:
Ashenzari
Cheibriados
Dithmenos
Elyvilon
Fedhas
Gozag
Hepliaklqana
Kikubaaqudgha
Makhleb
Nemelex Xobeh
Okawaru
Qazlal
Ru
Sif Muna
Trog
Uskayaw
Vehumet
Wu Jian
Xom
Yredelemnul
Zin
The Shining One

Annotations:
D:8 Exporg's ghost, novice TrBe
D:9 infcreate's ghost, novice MiFi


Innate Abilities, Weirdness & Mutations

((You have razor-sharp toenails.))
((You are completely covered in thin metallic scales. (AC +4, rElec)))
((Your flesh is cold resistant. (rC+)))
You sometimes gain a little power by taking damage.
You are immune to freezing clouds.
Your mind is very acute. (Int +4)
Your magical capacity is low. (-10% MP)


Message History

You swing at nothing.
You feel yourself speed up. You block something's attack.
You swing at nothing.
Something hits you!
* * * LOW HITPOINT WARNING * * *
You closely miss something. Something hits you!
* * * LOW HITPOINT WARNING * * *
You swing at nothing.
Something hits you but does no damage.
You barely miss something. Something hits you.
* * * LOW HITPOINT WARNING * * *
Something hits you.
* * * LOW HITPOINT WARNING * * *
You miss something. Something hits you.
* * * LOW HITPOINT WARNING * * *
Something hits you but does no damage.
You closely miss something. Something barely misses you. Something hits you!
* * * LOW HITPOINT WARNING * * *
You hit something but do no damage. You block something's attack.
You swing at nothing.
Something hits you.
You die...

..........#
#......
..........#
######.
..........# #.
..........# #.
.......†..# #.
..........# #.
.....###'## #.
.... #.# #. ...
#Y# #. .. #.# #. .
#.# #. #.# #. #.#
#. #.# #.
#.###############.
#......)..........
#################.


There were no monsters in sight!

Vanquished Creatures
  2 two-headed ogres
  Sonja (D:10)
  A manticore (D:11)
  Joseph (D:10)
  A tengu conjurer (D:12)
  2 trolls
  A hornet (D:11)
  A hippogriff (D:11)
  Sigmund (D:2)
  2 wraiths (D:12)
  A wyvern (D:11)
  4 hungry ghosts
  2 water moccasins
  An acid dragon (D:11)
  Purgy (Sewer)
  5 ice beasts
  2 orc warriors
  A black bear (D:9)
  2 phantoms (D:11)
  4 sky beasts
  A necrophage (D:6)
  8 ogres
  5 centaurs
  Blork the orc (D:6)
  7 bullfrogs
  2 wyvern zombies
  3 scorpions
  A water moccasin skeleton (D:8)
  3 troll zombies (D:11)
  18 killer bees
  19 wights
  12 crimson imps
  A bullfrog zombie (D:11)
  A centaur zombie (D:12)
  A centaur skeleton (D:7)
  3 hounds
  3 orc priests
  The ghost of Krilegs the Sneak, a weakling SpEn (D:3)
  5 jellies
  A gnoll shaman (D:6)
  11 orc wizards
  A bullfrog skeleton (D:4)
  3 iguanas
  6 worker ants
  3 ogre zombies (D:11)
  A howler monkey zombie (D:7)
  A worker ant zombie (D:7)
  Robin (D:2)
  8 gnolls
  10 adders
  2 shadow imps
  3 oozes
  2 adder skeletons (D:9)
  2 adder zombies
  5 worms
  A dart slug (D:3)
  4 leopard geckos
  24 orcs
  7 giant cockroaches
  12 goblins
  12 hobgoblins
  7 jackals
  10 kobolds
  6 quokkas
  5 ball pythons
  9 bats
  9 frilled lizards
  A goblin zombie (D:11)
  2 hobgoblin zombies (D:11)
  4 leopard gecko skeletons
  An orc skeleton (D:11)
  15 orc zombies (D:11)
  A quokka skeleton (D:5)
  7 rats
328 creatures vanquished.

Vanquished Creatures (collateral kills)
  A worker ant (D:5)
  A hobgoblin (D:2)
  A frilled lizard (D:1)
  3 goblins (D:2)
6 creatures vanquished.

Vanquished Creatures (others)
  5 dream sheep (D:7)
  4 toadstools (D:1)
9 creatures vanquished.

Grand Total: 343 creatures vanquished

Notes
Turn   | Place    | Note
-------+----------+-------------------------------------------
     0 | D:1      | vatarom the Demonspawn Transmuter began the quest for the Orb.
     0 | D:1      | Reached XP level 1. HP: 15/15 MP: 3/3
   214 | D:1      | Gained mutation: You have sharp toenails. [demonic ancestry]
   214 | D:1      | Reached XP level 2. HP: 6/21 MP: 3/5
   652 | D:1      | Learned a level 2 spell: Sticks to Snakes
   879 | D:1      | Reached XP level 3. HP: 22/26 MP: 4/6
  1225 | D:2      | Found an opulent altar of Gozag.
  1247 | D:2      | Noticed Robin
  1898 | D:2      | Learned a level 3 spell: Spider Form
  1944 | D:2      | Killed Robin
  2057 | D:2      | Gained mutation: You have razor-sharp toenails. [demonic ancestry]
  2057 | D:2      | Reached XP level 4. HP: 16/32 MP: 3/7
  2689 | D:2      | Noticed Sigmund
  2703 | D:2      | Killed Sigmund
  2703 | D:2      | Reached skill level 5 in Unarmed Combat
  2703 | D:2      | Reached XP level 5. HP: 13/37 MP: 8/8
  3115 | D:2      | Gained mutation: You are partially covered in thin metallic scales. (AC +2) [demonic ancestry]
  3115 | D:2      | Reached XP level 6. HP: 32/43 MP: 9/9
  3676 | D:3      | Found a glowing drain.
  3682 | D:3      | Noticed Krilegs's ghost (weakling SpEn)
  3693 | D:3      | Killed Krilegs's ghost
  3723 | Sewer    | Entered a sewer
  3981 | Sewer    | Noticed Purgy
  3990 | Sewer    | Killed Purgy
  4797 | D:4      | Gained mutation: You are mostly covered in thin metallic scales. (AC +3) [demonic ancestry]
  4797 | D:4      | Reached XP level 7. HP: 46/48 MP: 10/10
  5149 | D:4      | Learned a level 4 spell: Ice Form
  5661 | D:5      | Entered Level 5 of the Dungeon
  5724 | D:5      | Reached skill level 1 in Ice Magic
  5834 | D:5      | Found a hide-covered altar of Uskayaw.
  5856 | D:5      | Reached skill level 5 in Transmutations
  5987 | D:5      | Gained mutation: Your flesh is cold resistant. (rC+) [demonic ancestry]
  5987 | D:5      | Reached XP level 8. HP: 54/54 MP: 11/11
  6177 | D:5      | Noticed a two-headed ogre
  6237 | D:5      | Killed a two-headed ogre
  6886 | D:6      | Gained mutation: You are immune to freezing clouds. [demonic ancestry]
  6886 | D:6      | Reached XP level 9. HP: 51/59 MP: 9/12
  6951 | D:6      | Reached skill level 5 in Ice Magic
  7155 | D:6      | Found a staircase to the Ecumenical Temple.
  7163 | Temple   | Entered the Ecumenical Temple
  7271 | Temple   | Became a worshipper of Qazlal Stormbringer
  7321 | D:6      | Found a hazy altar of Hepliaklqana.
  7321 | D:6      | Noticed Blork the orc
  7329 | D:6      | Killed Blork the orc
  7329 | D:6      | Reached skill level 1 in Invocations
  8128 | D:7      | Found a shimmering altar of Xom.
  8240 | D:7      | Found a shimmering altar of Xom.
  8421 | D:7      | Gained mutation: You do not regenerate when monsters are visible. [potion of mutation]
  8421 | D:7      | Gained mutation: You expend magic power (3 MP) to strengthen your wands. [potion of mutation]
  8421 | D:7      | Gained mutation: You are frail. (-10% HP) [potion of mutation]
  8421 | D:7      | Gained mutation: Your mind is acute. (Int +2) [potion of mutation]
  8749 | D:8      | Noticed a two-headed ogre
  8749 | D:8      | Noticed Exporg's ghost (novice TrBe)
  9014 | D:7      | Killed a two-headed ogre
  9014 | D:7      | Reached skill level 5 in Fighting
  9206 | D:8      | Found a shattered altar of Ashenzari.
  9221 | D:8      | Lost mutation: You expend magic power (3 MP) to strengthen your wands. [potion of mutation]
  9221 | D:8      | Lost mutation: You are frail. (-10% HP) [potion of mutation]
  9221 | D:8      | Lost mutation: You do not regenerate when monsters are visible. [potion of mutation]
  9221 | D:8      | Gained mutation: Your magical capacity is low. (-10% MP) [potion of mutation]
  9221 | D:8      | Gained mutation: Your mind is very acute. (Int +4) [potion of mutation]
  9225 | D:8      | Reached * piety under Qazlal
  9225 | D:8      | Gained mutation: You are completely covered in thin metallic scales. (AC +4, rElec) [demonic ancestry]
  9225 | D:8      | Reached XP level 10. HP: 73/73 MP: 11/11
  9987 | D:9      | Noticed infcreate's ghost (novice MiFi)
 10021 | D:9      | Reached skill level 5 in Invocations
 10104 | D:9      | Reached ** piety under Qazlal
 10581 | D:9      | Found an ornate altar of the Wu Jian Council.
 10587 | D:10     | Entered Level 10 of the Dungeon
 10607 | D:10     | Noticed Joseph
 10640 | D:10     | Killed Joseph
 11021 | D:10     | Reached skill level 5 in Dodging
 11132 | D:10     | Noticed Sonja
 11146 | D:10     | Killed Sonja
 11162 | D:10     | HP: 3/74 [ogre/giant spiked club (12)]
 11282 | D:10     | HP: 2/88 [ogre/giant spiked club (21)]
 11298 | D:11     | HP: 4/88 [bullfrog (1)]
 11300 | D:11     | HP: 1/88 [bullfrog (4)]
 11301 | D:11     | Gained mutation: You sometimes gain a little power by taking damage. [demonic ancestry]
 11301 | D:11     | Reached XP level 11. HP: 1/80 MP: 1/14
 11307 | D:11     | HP: 3/144 [troll (1)]
 11904 | D:11     | Found a staircase to the Orcish Mines.
 12063 | D:11     | Reached *** piety under Qazlal
 12534 | D:11     | Found a staircase to the Lair.
 12566 | D:11     | Noticed a cyan ugly thing
 12717 | D:11     | Paralysed by a hornet for 3 turns
 13301 | D:12     | HP: 1/96 [something (11)]
 13303 | D:12     | Slain by an unseen horror

Skill      XL: |  1  2  3  4  5  6  7  8  9 10 11 |
---------------+----------------------------------+-----
Unarmed Combat | 3 4 5 6 7 8 9 |  9.5
Transmutations | 2 3 4 5 6 7 8 9 |  9.1
Ice Magic      | 2 4 5 |  5.0
Fighting       | 5 |  5.4
Invocations    | 3 6 7 |  7.9
Dodging        | 5 6 |  6.0
Spellcasting   | 3 |  3.7

Action                   |  1- 3 |  4- 6 |  7- 9 | 10-12 || total
-------------------------+-------+-------+-------+-------++-------
Melee: Unarmed           |   139 |   165 |   360 |   656 ||  1320
       Kick              |    22 |    25 |    53 |   116 ||   216
       Headbutt          |     6 |     1 |       |       ||     7
       Punch             |     1 |     2 |     5 |    12 ||    20
 Cast: Beastly Appendage |    13 |     3 |       |       ||    16
       Sticks to Snakes  |     4 |     2 |    27 |     6 ||    39
       Spider Form       |     2 |     6 |    11 |    10 ||    29
       Ice Form          |       |       |     7 |    18 ||    25
Invok: Upheaval          |       |       |       |     4 ||     4
 Abil: End Transformatio |       |       |     2 |     1 ||     3
Evoke: Wand              |       |       |     9 |     4 ||    13
  Use: Potion            |       |     3 |     6 |    10 ||    19
       Scroll            |       |       |     4 |    11 ||    15
 Stab: Distracted        |       |     1 |       |       ||     1
  Eat: Ration            |     1 |     1 |     5 |     4 ||    11
       Chunk             |     1 |     8 |     2 |    20 ||    31
Armor: Robe              |    27 |    18 |       |       ||    45
       Troll leather arm |       |    13 |    56 |   125 ||   194
       Skin              |       |     4 |    32 |    58 ||    94
Dodge: Dodged            |   142 |   108 |   196 |   376 ||   822
Block: Other             |       |       |       |    73 ||    73
